 Dungeon Sprint DCSS version 0.28-a0-476-g0f06bd746f (webtiles) character file.

Game seed: 7276614899573961911

77 xpp the Sneak (level 4, -4/27 HPs)
             Began as an Octopode Conjurer on Sept 17, 2021.
             Was a Follower of Dithmenos.
             Slain by a red ugly thing (10 damage)
             ... in the Dungeon (Sprint V: "Ziggurat Sprint").
             The game lasted 00:04:19 (132 turns).

xpp the Sneak (Octopode Conjurer)                    Turns: 132, Time: 00:04:20

Health: -4/27      AC:  1    Str: 21    XL:     4   Next: 33%
Magic:  7/7        EV: 14    Int: 32    God:    Dithmenos [*.....]
Gold:   0          SH: 13    Dex: 22    Spells: 6/7 levels left

rFire   . . .      SeeInvis .   F - +8 dagger of Instant Death {distort, rC+ Str+2}
rCold   + . .      Faith    .   g - +3 kite shield
rNeg    . . .      Spirit   .   (helmet restricted)
rPois   .          Reflect  .   (no amulet)
rElec   .          Harm     .   r - ring of flight
rCorr   .          Rampage  .   s - +6 ring of dexterity
Will    .....      NoTele   +   t - +6 ring of dexterity
Stlth   ++++++....              u - +6 ring of intelligence
HPRegen 0.09/turn               v - +6 ring of intelligence
MPRegen 0.10/turn               w - +6 ring of strength
                                x - +6 ring of strength
                                E - +4 ring of slaying

@: flying, very slightly contaminated, wreathed by umbra, invisible
A: almost no armour, amphibious, 8 rings, camouflage 1, gelatinous body 1,
(nimble swimmer 1), tentacles
a: Renounce Religion


You were in the Dungeon.
You worshipped Dithmenos.
Dithmenos was aware of your devotion.
You visited 1 branch

Inventory:

Hand Weapons
 B - the +9 heavy crossbow "Sniper" {vorpal, Acc+∞ SInv}
   (You found it in the Dungeon)

   Any ammunition fired from it inflicts extra damage upon your enemies.
   Any ammunition fired from it never misses its target.
   SInv:      It lets you see invisible.
 F - the +8 dagger of Instant Death (weapon) {distort, rC+ Str+2}
   (You found it in the Dungeon)

   It warps and distorts space around it, and may blink, banish, or inflict
   extra damage upon those it strikes.
   Unwielding it can cause banishment or high damage.
   Str:       It affects your strength (+2).
   rC:        It protects you from cold.
Missiles
 C - 1000 bolts
Armour
 g - a +3 kite shield (worn)
Jewellery
 r - a ring of flight (left tentacle)
 s - a +6 ring of dexterity (right tentacle)
 t - a +6 ring of dexterity (on tentacle)
 u - a +6 ring of intelligence (on tentacle)
 v - a +6 ring of intelligence (on tentacle)
 w - a +6 ring of strength (on tentacle)
 x - a +6 ring of strength (on tentacle)
 E - a +4 ring of slaying (on tentacle)
 G - a ring of wizardry
Wands
 y - a wand of mindburst (7)
 z - a wand of iceblast (3)
 A - a wand of acid (7)
Scrolls
 f - 4 scrolls of blinking
 m - 4 scrolls of amnesia
 n - 7 scrolls of fog
 o - a scroll of holy word
 p - 5 scrolls of identify
 q - 2 scrolls of fear
Potions
 a - 10 potions of curing
 b - 10 potions of heal wounds
 c - 6 potions of haste
 d - 7 potions of magic
 e - 3 potions of berserk rage
 h - 2 potions of brilliance
 i - a potion of invisibility
 j - 4 potions of resistance
 l - 5 potions of might
Miscellaneous
 k - a lightning rod (4/4)
 D - a phial of floods


   Skills:
 + Level 5.6 Dodging
 + Level 7.6 Stealth
 + Level 2.4 Shields
 - Level 2.0 Spellcasting
 - Level 4.0 Conjurations
 - Level 2.4 Earth Magic
 - Level 3.0 Poison Magic
 - Level 2.8 Invocations
 - Level 2.7 Evocations


You had 6 spell levels left.
You knew the following spells:

 Your Spells              Type           Power      Damage    Failure   Level
a - Magic Dart            Conj           100%       1d8       7%          1

Your spell library contained the following spells:

 Spells                   Type           Power      Damage    Failure   Level
 Searing Ray              Conj           56%        2d6       10%         2
 Dazzling Flash           Conj/Hex       32%        N/A       41%         3
 Fulminant Prism          Conj/Hex       8%         3d7       83%         4
 Iskenderun's Mystic Bla  Conj/Tloc      16%        2d5       83%         4


Dungeon Overview and Level Annotations

Branches:
Dungeon (1/1)

Altars:
Ashenzari
Cheibriados
Dithmenos
Elyvilon
Fedhas
Gozag
Hepliaklqana
Kikubaaqudgha
Makhleb
Nemelex Xobeh
Okawaru
Qazlal
Ru
Sif Muna
Trog
Uskayaw
Vehumet
Wu Jian
Xom
Yredelemnul
Zin
The Shining One
Beogh
Jiyva
Lugonu

Annotations:
D 1 transporter


Innate Abilities, Weirdness & Mutations

You cannot wear most types of armour.
You are amphibious.
You can wear up to eight rings at the same time.
Your skin changes colour to match your surroundings (Stealth+).
Your rubbery body absorbs attacks. (AC +1, EV +1)
((You are camouflaged near water. (Stealth+)))
You have tentacles for arms and can constrict up to eight enemies at once.


Message History

Aim: an orc priest, wielding a +0 hand axe (heavily wounded)
The mass of ice explodes!
The iceblast engulfs the orc priest!!
You kill the orc priest!
Dithmenos accepts your kill.
The iceblast engulfs something!
Dithmenos accepts your kill.
Reactivating autopickup.
You feel a bit more experienced.
Your Dodging skill increases to level 5!
Your Stealth skill gained 2 levels and is now at level 7!
You have reached level 4!
Things that are here:
a +0 hand axe; an orc corpse
Things that are here:
a +0 short sword; 5 boomerangs; an orc corpse
Things that are here:
a +0 dagger; a +0 robe; an orc corpse You see here the +7 chain mail of the Lumpy Mice {*Slow +Inv rF+ Str+4}.
You see here a phial of floods.
D - a phial of floods
G - a ring of wizardry
There is a transporter here.
Welcome to arena 3.
You enter the transporter and appear at another place. 4 ugly things come into view.
Found four items.
Found a transporter.
The red ugly thing gurgles horribly!
The white ugly thing gurgles horribly!
The red ugly thing gurgles horribly!
The white ugly thing pecks you!
Ouch! That really hurt!
The white ugly thing freezes you! You resist.
* * * LOW HITPOINT WARNING * * *
Okay, then.
You fade into invisibility!
The red ugly thing tentacle-slaps you but does no damage.
The white ugly thing misses you.
The red ugly thing basks in the mutagenic energy from its kin and changes!
You are very lightly contaminated with residual magic.
The red ugly thing tentacle-slaps you!
You die...

▓▓▓▓▓▓▓▓▓▓▓▓▓▓▓▓▓▓▓
▓.8©8.▓.8©8.▓.8©8.▓
▓."[[.▓...[.▓..)..▓
▓..:..▓..)).▓.....▓
▓..u..▓..)..▓.....▓
▓...u.▓.....▓.....▓
▓..uu.▓.....▓..©..▓
▓..@..▓..©..▓▓▓▓▓▓▓
▓▓▓▓▓▓▓▓▓▓▓▓▓


You could see 4 ugly things.

Vanquished Creatures
  An orc priest (D)
  An orc wizard (D)
  A shadow imp (D)
  A white imp (D)
  An orc (D)
5 creatures vanquished.

Notes
Turn   | Place    | Note
-------+----------+-------------------------------------------
     0 | D        | xpp the Octopode Conjurer began the quest for the Orb.
     0 | D        | Reached XP level 1. HP: 11/11 MP: 3/3
     2 | D        | Found a blossoming altar of Fedhas.
     2 | D        | Found the +6 Majin-Bo {vamp, MP+6 Int+6}
     2 | D        | Found the +9 heavy crossbow "Sniper" {vorpal, Acc+∞ SInv}
     2 | D        | Found the +10 dark maul {vorpal}
     2 | D        | Found the +15 Maxwell's patent armour {-Cast -Tele rElec
                  | Will+ rCorr}
     2 | D        | Found the +18 shield of the Gong {rElec rN+ Will+ EV-5}
     2 | D        | Found the +14 obsidian axe {vorpal, Mesm Drain Fly SInv}
     2 | D        | Found the +7 great mace "Firestarter" {inner flame, rF++}
     2 | D        | Found the +6 shillelagh "Devastator" {shatter}
     2 | D        | Found the +11 plutonium sword {Contam Stlth-}
     2 | D        | Found the +8 lance "Wyrmbane" {slay drac, rPois rF+ rC+
                  | AC+3}
     2 | D        | Found the +9 sword of Zonguldrok {reap}
     2 | D        | Found the +13 scythe of Curses {drain, Drain}
     2 | D        | Found the +5 sword of Power {vorpal}
     2 | D        | Found the +7 mace of Variability {chain chaos}
     2 | D        | Found the +7 Singing Sword {vorpal, sonic wave}
     2 | D        | Found the +8 storm bow {elec, penet}
     6 | D        | Found a shimmering blue altar of Sif Muna.
     6 | D        | Found a sacrificial altar of Ru.
     6 | D        | Found a bloodstained altar of Trog.
     6 | D        | Found a stormy altar of Qazlal.
     6 | D        | Found an iron altar of Okawaru.
     6 | D        | Found a sparkling altar of Nemelex Xobeh.
     9 | D        | Found a transporter.
     9 | D        | Found an ancient bone altar of Kikubaaqudgha.
     9 | D        | Found a viscous altar of Jiyva.
     9 | D        | Found a corrupted altar of Lugonu.
     9 | D        | Found a hazy altar of Hepliaklqana.
     9 | D        | Found a burning altar of Makhleb.
     9 | D        | Found an opulent altar of Gozag.
    20 | D        | Reached skill level 4 in Stealth
    20 | D        | Reached XP level 2. HP: 17/17 MP: 5/5
    78 | D        | Became a worshipper of Dithmenos the Shadowed
    86 | D        | Entered arena 2.
    86 | D        | Found a transporter.
    89 | D        | Reached skill level 5 in Stealth
   104 | D        | Got the +8 dagger of Instant Death {distort, rC+ Str+2}
   111 | D        | Entered arena 3.
   111 | D        | Found a transporter.
   113 | D        | Reached * piety under Dithmenos
   114 | D        | Reached XP level 3. HP: 21/21 MP: 6/6
   115 | D        | Reached skill level 5 in Dodging
   115 | D        | Reached skill level 7 in Stealth
   115 | D        | Reached XP level 4. HP: 27/27 MP: 7/7
   125 | D        | Entered arena 4.
   125 | D        | Noticed a red ugly thing
   125 | D        | Noticed a brown ugly thing
   125 | D        | Noticed a red ugly thing
   125 | D        | Noticed a white ugly thing
   125 | D        | Found a transporter.
   132 | D        | Slain by a red ugly thing

Illustrated notes

Levels and vault maps discovered:
D:        sprint_v [room_start, room_1, room_2, room_3, room_4, room_5, room_6,
          room_7, room_8, room_9, room_10, room_11, room_12, room_13, room_14,
          room_15, room_16, room_17, room_18, room_19, room_20, room_21,
          room_22, room_23, room_24, room_25, room_26, room_27]

Skill      XL: |  1  2  3 |
---------------+----------+-----
Dodging        | 3 4 5 |  5.6
Stealth        | 4 5 7 |  7.6
Shields        | 2 |  2.4
Earth Magic    | 2 |  2.4
Poison Magic   | 3 |  3.0
Invocations    | 2 |  2.8
Evocations     | 2 |  2.7
Spellcasting   | |  2.0
Conjurations   | |  4.0

Action                   |  1- 3 |  4- 6 || total
-------------------------+-------+-------++-------
Evoke: Wand              |     4 |       ||     4
  Use: Potion            |     1 |     1 ||     2
Armor: Skin              |       |     1 ||     1
Dodge: Dodged            |       |     1 ||     1
Block: Kite shield       |     1 |       ||     1

Table legend: (Time is in decaauts)
 A = Elapsed time spent in this place.
 B = Non-inter-level travel time spent in this place.
 C = Inter-level travel time spent in this place.
 D = Time resting spent in this place.
 E = Time spent auto-exploring this place.
 F = Levels seen in this place.
 G = Mean time per level.
                   A        B        C        D        E       F      G
               +--------+--------+--------+--------+--------+-----+--------+
         Total |    127 |    127 |      0 |      0 |      0 |   1 |  127.0 |
       Dungeon |    127 |    127 |      0 |      0 |      0 |   1 |  127.0 |
               +--------+--------+--------+--------+--------+-----+--------+

Top non-repeatable levels by time:
       D: 127 daAuts
